 Dungeon Crawl Stone Soup version 0.29-a0-1027-gcd8c55af63 (webtiles) character file.

Game seed: 2726795523414966187

6248 Zonian the Merchant of Misery (level 10, -7/69 HPs)
             Began as a Demonspawn Necromancer on Aug 13, 2022.
             Was a Believer of Kikubaaqudgha.
             Mangled by a six-headed hydra (11 damage)
             ... on level 1 of the Lair of Beasts.
             The game lasted 00:44:04 (15088 turns).

Zonian the Merchant of Misery (DsNe)               Turns: 15088, Time: 00:44:04

Health: -7/69      AC: 10    Str:  8    XL:     10   Next: 62%
Magic:  16/21      EV: 16    Int: 23    God:    Kikubaaqudgha [**....]
Gold:   418        SH:  0    Dex: 20    Spells: 16/24 levels left

rFire   . . .      SeeInvis +   v - +2 whip (freeze)
rCold   . . .      Faith    .   (no shield)
rNeg    . . .      Spirit   .   B - +1 leather armour {rPois}
rPois   +          Reflect  .   (helmet unavailable)
rElec   .          Harm     .   r - +2 cloak
rCorr   .          Rampage  .   o - +0 pair of gloves
Will    .....      Clarity  +   (no boots)
Stlth   ++++......              (no amulet)
HPRegen 0.21/turn               E - +6 ring of dexterity
MPRegen 0.17/turn               (no ring)

@: about to teleport, marked, on berserk cooldown, slowed, invisible, very slow
A: antennae 3, slimy green scales 1, foul stench 1, clarity, clever 1, robust 1
a: Renounce Religion, Unearth Wretches


You were on level 1 of the Lair of Beasts.
You worshipped Kikubaaqudgha.
Kikubaaqudgha was pleased with you.
You visited 3 branches of the dungeon, and saw 10 of its levels.

You collected 550 gold pieces.
You spent 132 gold pieces at shops.

Inventory:

Hand Weapons
 e - a +1 dagger of flaming
 i - a +0 dagger
 j - a +1 falchion of flaming
 m - a +0 sling
 q - a +0 hammer
 s - a +4 hammer
 u - a +0 trident
 v - a +2 whip of freezing (weapon)
 x - a +0 sling
 I - a +0 quick blade
Armour
 a - a +0 robe
 k - a +2 cloak
 o - a +0 pair of gloves (worn)
 r - a +2 cloak (worn)
 z - a +2 leather armour of fire resistance
 B - a +1 leather armour of poison resistance (worn)
 H - a +1 pair of gloves
Jewellery
 E - a +6 ring of dexterity (left hand)
Wands
 f - a wand of flame (23)
 g - a wand of quicksilver (2)
 l - a wand of polymorph (24)
 p - a wand of iceblast (8)
 y - a wand of digging (5)
Scrolls
 h - a scroll of butterflies
 F - 2 scrolls of silence
Potions
 b - 3 potions of attraction
 c - 4 potions of curing
 n - a potion of invisibility
 w - a potion of ambrosia
 A - a potion of haste
 C - 3 potions of resistance
 J - a potion of degeneration {unknown}


   Skills:
 + Level 7.6 Dodging
 + Level 8.3 Stealth
 + Level 7.7 Spellcasting
 + Level 9.9 Necromancy


You had 16 spell levels left.
You knew the following spells:

 Your Spells              Type           Power      Damage    Failure   Level
a - Necrotise             Necr           100%       1d9       1%          1
b - Vampiric Draining     Necr           53%        2d9       1%          3
c - Animate Dead          Necr           53%        N/A       1%          4

Your spell library contained the following spells:

 Spells                   Type           Power      Damage    Failure   Level
 Sublimation of Blood     Necr           53%        N/A       1%          2
 Agony                    Necr           53%        N/A       4%          5
 Foxfire                  Conj/Fire      32%        2x1d5     11%         1
 Sandblast                Erth           16%        2d6       11%         1
 Slow                     Hex            32%        N/A       11%         1
 Anguish                  Hex/Necr       15%        N/A       14%         4
 Passwall                 Tmut/Erth      6%         N/A       16%         2
 Confusing Touch          Hex            8%         N/A       30%         3
 Conjure Flame            Conj/Fire      8%         6-21      30%         3
 Gell's Gravitas          Tloc           8%         N/A       30%         3
 Inner Flame              Hex/Fire       8%         N/A       30%         3
 Lesser Beckoning         Tloc           8%         N/A       30%         3
 Stone Arrow              Conj/Erth      16%        3d8       30%         3
 Teleport Other           Tloc           8%         N/A       30%         3
 Flame Wave               Conj/Fire      8%         2d5       71%         4


Dungeon Overview and Level Annotations

Branches:
Dungeon (8/15)             Temple (1/1) D:4            Lair (1/5) D:8

Altars:
Ashenzari
Cheibriados
Dithmenos
Fedhas
Gozag
Hepliaklqana
Kikubaaqudgha
Makhleb
Nemelex Xobeh
Okawaru
Qazlal
Sif Muna
Trog
Uskayaw
Vehumet
Wu Jian
Xom
Yredelemnul

Shops:
D:5 !*

Annotations:
D:5 Blork the orc
Lair:1 Amaemon


Innate Abilities, Weirdness & Mutations

You have a pair of large antennae on your head. (SInv)
You are partially covered in slimy green scales. (AC +2)
You may rarely emit foul miasma when damaged in melee.
You possess an exceptional clarity of mind.
Your mind is acute. (Int +4, Str/Dex -1)
You are robust. (+10% HP)


Message History

You strike the helpless Harold from behind!
You slash Harold! You burn Harold.
Harold is heavily wounded.
Harold is engulfed in dark miasma.
Harold is poisoned.
Harold misses you.
You slash Harold! You burn Harold.
Harold is severely wounded.
Harold is engulfed in dark miasma.
Harold looks even sicker.
Harold barely misses you.
You slash Harold! You burn Harold.
Harold is almost dead.
You slash Harold! You burn Harold.
You kill Harold!
Kikubaaqudgha accepts your kill.
Harold looks down at his mortal wounds and cries, "But... this was my last day before retirement..."
You feel a strong urge to attack something.
A six-headed hydra comes into view.
You are too berserk!
Unknown command.
Your +1 falchion of flaming stops flaming.
Your +2 whip of freezing glows with a cold blue light!
v - a +2 whip of freezing (weapon)
You feel your anger nearly subside.
You are no longer berserk.
You are exhausted.
You feel yourself slow down.
Unknown command.
You feel better.
Casting: Necrotise (safe; 1% risk of failure)
Confirm with . or Enter, or press ? or * to list all spells.
Okay, then.
Okay, then.
As you read the scroll of teleportation, it crumbles to dust.
You feel strangely unstable.
A water moccasin comes into view.
The six-headed hydra barely misses you.
The six-headed hydra bites you but does no damage.
The six-headed hydra bites you!
* * * LOW HITPOINT WARNING * * *
The six-headed hydra bites you!
You die...
Kikubaaqudgha rasps: "You have failed me!
Welcome... death!"

.... #. ....####..
6......... ..........##
..........(.##
.............###
...............##
.............S)D##
.............##.@#
............{#####
.............##
..........##..#
.........# ##.###
........####P...#####
................#~~~#P
.........###....~~~P~~
<........###....~PP~~~~~


You could see a six-headed hydra (unable to see you) and a water moccasin
(unable to see you).

Vanquished Creatures
  Harold (Lair:1)
  Pikel (D:5)
  Joseph (D:7)
  2 komodo dragons (D:8)
  3 wyverns (D:8)
  2 basilisks (D:8)
  Eustachio (D:6)
  A steam dragon (D:8)
  2 acid dragons (D:8)
  2 water moccasins
  Duvessa (D:7)
  5 orc warriors (D:8)
  A black bear (D:6)
  An ice beast (D:6)
  A sky beast (D:6)
  3 wolves (D:8)
  3 ogres
  2 centaurs (D:8)
  A lemure (D:5)
  A kobold brigand (D:8)
  5 bullfrogs
  2 scorpions
  Dowan (D:7)
  An electric eel (Lair:1)
  2 howler monkeys (D:8)
  2 jellies
  Crazy Yiuf (D:3)
  An orc priest (D:7)
  2 hounds
  2 iguanas
  Jessica (D:3)
  Ijyb (D:3)
  Natasha (D:2)
  5 orc wizards
  2 gnolls (D:2)
  9 adders
  An ufetubus (D:7)
  3 worms
  A dart slug (D:2)
  35 orcs
  5 ball pythons
  6 endoplasms
  3 giant cockroaches
  12 goblins
  5 hobgoblins
  2 jackals (D:1)
  8 kobolds
  4 quokkas
  6 bats
  5 frilled lizards
  3 rats
172 creatures vanquished.

Vanquished Creatures (collateral kills)
  A phantom (D:3)
  A gnoll (D:2)
  5 orcs
  A ball python (D:1)
  An endoplasm (D:1)
  5 kobolds
  A rat (D:1)
15 creatures vanquished.

Vanquished Creatures (others)
  A wyvern zombie (D:8)
  9 orc zombies
  5 plants (Lair:1)
15 creatures vanquished.

Grand Total: 202 creatures vanquished

Notes
Turn   | Place    | Note
-------+----------+-------------------------------------------
     0 | D:1      | Zonian the Demonspawn Necromancer began the quest for the
                  | Orb.
     0 | D:1      | Reached XP level 1. HP: 13/13 MP: 3/3
   345 | D:1      | Gained mutation: You have a pair of small antennae on your
                  | head. [demonic ancestry]
   345 | D:1      | Reached XP level 2. HP: 19/19 MP: 1/5
   736 | D:1      | Found a faded altar of an unknown god.
  2106 | D:2      | Gained mutation: You are partially covered in slimy green
                  | scales. (AC +2) [demonic ancestry]
  2106 | D:2      | Reached XP level 3. HP: 17/24 MP: 3/6
  2589 | D:2      | Gained mutation: You have a pair of antennae on your head.
                  | [demonic ancestry]
  2589 | D:2      | Reached XP level 4. HP: 17/30 MP: 1/7
  2923 | D:2      | Noticed Natasha
  2930 | D:2      | Killed Natasha
  2931 | D:2      | Reached skill level 5 in Necromancy
  3176 | D:2      | Learned a level 3 spell: Vampiric Draining
  3508 | D:3      | Noticed Jessica
  3511 | D:3      | Killed Jessica
  3512 | D:3      | Reached XP level 5. HP: 31/35 MP: 5/9
  3569 | D:3      | Found an iron altar of Okawaru.
  3629 | D:3      | Noticed a phantom
  3952 | D:3      | Noticed Ijyb
  3958 | D:3      | Killed Ijyb
  4203 | D:3      | Found a runed translucent door.
  4204 | D:3      | Noticed Crazy Yiuf
  4215 | D:3      | Killed Crazy Yiuf
  4545 | D:3      | Gained mutation: You possess an exceptional clarity of
                  | mind. [potion of mutation]
  4545 | D:3      | Gained mutation: Your mind is acute. (Int +4, Str/Dex -1)
                  | [potion of mutation]
  4545 | D:3      | Gained mutation: You are robust. (+10% HP) [potion of
                  | mutation]
  4559 | D:3      | Killed a phantom
  4560 | D:3      | Gained mutation: You may rarely emit foul miasma when
                  | damaged in melee. [demonic ancestry]
  4560 | D:3      | Reached XP level 6. HP: 28/45 MP: 8/11
  5121 | D:4      | Found a basalt altar of Yredelemnul.
  5192 | D:4      | Found a radiant altar of Vehumet.
  5377 | D:4      | Found a staircase to the Ecumenical Temple.
  5381 | Temple   | Entered the Ecumenical Temple
  5381 | Temple   | Found a transporter.
  5381 | Temple   | Found a transporter.
  5383 | Temple   | Found a transporter.
  5383 | Temple   | Found a transporter.
  5424 | Temple   | Became a worshipper of Kikubaaqudgha
  5622 | D:5      | Entered Level 5 of the Dungeon
  5926 | D:5      | Noticed Blork the orc
  6269 | D:6      | Noticed an ice beast
  6280 | D:6      | Killed an ice beast
  6281 | D:6      | Reached skill level 6 in Necromancy
  6281 | D:6      | Gained mutation: You have a pair of large antennae on your
                  | head. (SInv) [demonic ancestry]
  6281 | D:6      | Reached XP level 7. HP: 37/50 MP: 7/13
  6433 | D:6      | Learned a level 4 spell: Animate Dead
  6443 | D:6      | Noticed Eustachio
  6599 | D:5      | Found Gozag's Platinum Reserve.
  6649 | D:5      | Found an opulent altar of Gozag.
  6903 | D:5      | Found Icerefem's Distillery.
  6903 | D:5      | Noticed Pikel
  6921 | D:5      | Killed Pikel
  6922 | D:5      | Reached skill level 5 in Stealth
  6922 | D:5      | Reached XP level 8. HP: 50/57 MP: 10/15
  7123 | D:5      | Bought a potion of berserk rage for 60 gold pieces
  7123 | D:5      | Bought a potion of curing for 36 gold pieces
  7123 | D:5      | Bought a potion of curing for 36 gold pieces
  7554 | D:6      | Reached skill level 5 in Spellcasting
  7554 | D:6      | Reached skill level 7 in Necromancy
  7614 | D:6      | Reached skill level 5 in Dodging
  7623 | D:6      | Reached * piety under Kikubaaqudgha
  7623 | D:6      | Received a gift from Kikubaaqudgha
  7967 | D:6      | Found a hide-covered altar of Uskayaw.
  8051 | D:6      | Killed Eustachio
  8215 | D:7      | Noticed Joseph
  8230 | D:7      | Killed Joseph
  8623 | D:7      | Noticed a two-headed ogre
  8647 | D:7      | Reached XP level 9. HP: 53/62 MP: 7/17
  9129 | D:7      | Found a shimmering blue altar of Sif Muna.
  9193 | D:7      | Noticed Dowan
  9366 | D:7      | Reached skill level 8 in Necromancy
  9376 | D:7      | Killed Dowan
  9386 | D:7      | Noticed Duvessa
  9810 | D:7      | Killed Duvessa
 10758 | D:8      | Found a bloodstained altar of Trog.
 10776 | D:8      | Found a stormy altar of Qazlal.
 10781 | D:8      | Found an ornate altar of the Wu Jian Council.
 11924 | D:8      | Noticed a komodo dragon
 11933 | D:8      | Killed a komodo dragon
 11934 | D:8      | Reached skill level 9 in Necromancy
 11947 | D:8      | Reached XP level 10. HP: 42/69 MP: 16/20
 12208 | D:8      | Found a staircase to the Lair.
 13307 | Lair:1   | Entered Level 1 of the Lair of Beasts
 14101 | Lair:1   | Noticed an orange demon
 14103 | Lair:1   | Noticed Amaemon
 14539 | D:8      | Reached ** piety under Kikubaaqudgha
 15061 | Lair:1   | Noticed Harold
 15078 | Lair:1   | HP: 4/103 [Harold/+3 dire flail of holy wrath (5)]
 15082 | Lair:1   | Killed Harold
 15085 | Lair:1   | Noticed a six-headed hydra
 15088 | Lair:1   | Mangled by a six-headed hydra

Illustrated notes

Levels and vault maps discovered:
D:1:      eino_arrival_cavern_e, layout_basic,
          shapermc_ecumenical_altar_totnotflames, minmay_circled_x
D:2:      layout_basic, uniq_natasha
D:3:      layout_loops_corners, nicolae_overflow_hidden_temple, uniq_jessica,
          uniq_ijyb, uniq_crazy_yiuf_cottage
D:4:      layout_basic, overflow_temple_1_default, old_standard_altar,
          temple_hall_moat
D:5:      layout_loops_cross, nicolae_gozag_zags_fifth_avenue, serial_shops,
          shop, uniq_blork_the_orc, uniq_pikel
D:6:      layout_rooms, lemuel_coloured_pillars_altar, serial_park_tiny_1,
          uniq_eustachio
D:7:      layout_cave_pools, led_sif_pool, minmay_microvault, uniq_duvessa,
          uniq_joseph
D:8:      layout_basic, mainiacjoe_overflow_alcove_1,
          mainiacjoe_overflow_big_doors, erik_lair_dragon, special_room
          [special_room_orc], kennysheep_generic_room_7
Temple:   hellmonk_temple_divided_pantheon
Lair:1:   layout_cave_shapes, serial_bayou_shore_a, uniq_harold, uniq_amaemon

Skill      XL: |  1  2  3  4  5  6  7  8  9 10 |
---------------+-------------------------------+-----
Dodging        | 2 3 4 5 6 7 |  7.6
Stealth        | 2 3 4 5 6 7 8 |  8.3
Necromancy     | 5 6 7 9 |  9.9
Spellcasting   | 3 4 5 6 7 |  7.7

Action                   |  1- 3 |  4- 6 |  7- 9 | 10-12 || total
-------------------------+-------+-------+-------+-------++-------
Melee: Unarmed           |     6 |       |       |       ||     6
       Dagger            |    45 |    11 |     1 |     1 ||    58
       Punch             |     2 |       |     2 |     1 ||     5
       Mace              |       |    27 |       |       ||    27
       Falchion          |       |     9 |     3 |     4 ||    16
       Whip              |       |       |   142 |    82 ||   224
 Cast: Necrotise         |    50 |    91 |   149 |    19 ||   309
       Vampiric Draining |       |       |    16 |    18 ||    34
       Animate Dead      |       |       |     5 |       ||     5
Evoke: Wand              |       |       |    18 |     5 ||    23
  Use: Potion            |     1 |     4 |    11 |     5 ||    21
       Scroll            |     3 |     7 |     8 |     4 ||    22
 Stab: Sleeping          |     3 |     2 |     6 |       ||    11
       Distracted        |       |       |     2 |       ||     2
       Invisible         |       |       |       |     1 ||     1
Armor: Robe              |     9 |    24 |    11 |       ||    44
       Leather armour    |       |       |    87 |    41 ||   128
       Skin              |       |       |    11 |       ||    11
Dodge: Dodged            |    52 |    54 |   197 |   104 ||   407

Table legend: (Time is in decaauts)
 A = Elapsed time spent in this place.
 B = Non-inter-level travel time spent in this place.
 C = Inter-level travel time spent in this place.
 D = Time resting spent in this place.
 E = Time spent auto-exploring this place.
 F = Levels seen in this place.
 G = Mean time per level.
                   A        B        C        D        E       F      G
               +--------+--------+--------+--------+--------+-----+--------+
         Total |  15114 |  14762 |    352 |   7013 |   4330 |  10 | 1511.4 |
       Dungeon |  14826 |  14475 |    351 |   7013 |   4329 |   8 | 1853.2 |
        Temple |     64 |     64 |      0 |      0 |      1 |   1 |   64.0 |
          Lair |    223 |    223 |      0 |      0 |      0 |   1 |  223.0 |
               +--------+--------+--------+--------+--------+-----+--------+

Top non-repeatable levels by time:
     D:8: 4462 daAuts
     D:6: 2322 daAuts
     D:1: 1988 daAuts
     D:3: 1404 daAuts
     D:5: 1403 daAuts
     D:2: 1337 daAuts
     D:7: 1074 daAuts
     D:4: 833 daAuts
  Lair:1: 223 daAuts
  Temple: 64 daAuts
